 Dungeon Crawl Stone Soup version 0.32-a0-558-g233958a4c4 (webtiles) character file.

Game seed: 7059040480189060955

133334 kae the Brawler (level 16, -14/143 (147) HPs)
             Began as a Pale Draconian Shapeshifter on Feb 29, 2024.
             Was the Champion of Qazlal.
             Killed from afar by a deep elf zephyrmancer (22 damage)
             ... with a bolt of lightning
             ... on level 1 of the Elven Halls.
             The game lasted 00:28:04 (27771 turns).

kae the Brawler (Pale Draconian Shapeshifter)      Turns: 27771, Time: 00:28:04

HP:   -14/143 (147) AC: 19    Str: 19    XL:     16   Next: 59%
MP:   24/25         EV: 24    Int: 11    God:    Qazlal [******]
Gold: 2428          SH:  8    Dex: 20    Spells: 15/15 levels left

rFire   . .          .
                       - Unarmed
rCold   . . .        (shield currently unavailable)
rNeg    . . .        (body armour unavailable)
rPois   .            W - +2 hat {Stlth+}
rElec   +            s - scarf {repulsion}
rCorr   +            D - +1 pair of gloves
SInv    .            M - +1 pair of boots
Will    +++..        y - amulet of Kowimn {RegenMP RegenMP+ rCorr Dex+4}
Stlth   +            O - +4 ring of protection
HPRegen 0.43/turn    G - ring of Uskayaw's Grace {+Blink Fly Will++ Slay+2}
MPRegen 0.59/turn

%: repel missiles
@: flux-form, protected from electricity, flying, glowing, lightly drained
A: glow, contaminating, steam breath, AC +9, unfitting armour, cold-blooded,
steam resistance
a: Steam Breath, Begin Untransformation, Renounce Religion, Evoke Blink,
Upheaval, Elemental Force, Disaster Area


You were on level 1 of the Elven Halls.
You worshipped Qazlal.
Qazlal was exalted by your worship.
You were something dangerously unstable.
You visited 5 branches of the dungeon, and saw 24 of its levels.
You also visited: Bailey and Gauntlet.

You collected 2428 gold pieces.


Innate Abilities, Weirdness & Mutations

You are something dangerously unstable.
You glow with magical radiation, making you easy to see and hit.
Foes you strike become dangerously contaminated with magical radiation.
You are incapable of wielding weapons or throwing items.
You can breathe blasts of scalding, opaque steam.
Your pale cyan-grey scales are hard. (AC +9)
You cannot fit into any form of body armour.
You are cold-blooded and may be slowed by cold attacks.
You are immune to the effects of steam.


   Skills:
 + Level 14.4 Fighting
 + Level 10.9 Dodging
 * Level 17.6 Unarmed Combat
 + Level 12.3 Invocations
 + Level 13.5 Shapeshifting


You had 15 spell levels left.
You didn't know any spells.
Your spell library contained the following spells:

 Spells                   Type           Power      Damage    Failure   Level
 Sandblast                Erth           0%         2d4       34%         1
 Cigotuvi's Dreadful Rot  Necr/Alch/Air  0%         N/A       47%         2
 Ensorcelled Hibernation  Hex/Ice        0%         N/A       47%         2
 Mercury Vapours          Alch/Air       0%         N/A       47%         2
 Static Discharge         Conj/Air       0%         3-3/arc   47%         2
 Sublimation of Blood     Necr           0%         N/A       47%         2
 Dazzling Flash           Conj/Hex       0%         N/A       71%         3
 Fugue of the Fallen      Necr           0%         N/A       71%         3
 Hailstorm                Conj/Ice       0%         3d5       71%         3
 Inner Flame              Hex/Fire       0%         N/A       71%         3
 Mephitic Cloud           Conj/Alch/Air  0%         N/A       71%         3
 Ozocubu's Armour         Ice            0%         N/A       71%         3
 Passwall                 Erth           0%         N/A       71%         3
 Stone Arrow              Conj/Erth      0%         3d7       71%         3
 Summon Ice Beast         Ice/Summ       0%         N/A       71%         3
 Vampiric Draining        Necr           0%         2d6       71%         3
 Airstrike                Air            0%         2d(0-16)  98%         4
 Anguish                  Hex/Necr       0%         N/A       98%         4
 Brom's Barrelling Bould  Conj/Erth      0%         2d3       98%         4
 Flame Wave               Conj/Fire      0%         2d4       98%         4
 Ignite Poison            Fire/Alch      0%         N/A       98%         4
 Leda's Liquefaction      Alch/Erth      0%         N/A       98%         4
 Manifold Assault         Tloc           0%         N/A       98%         4
 Petrify                  Alch/Erth      0%         N/A       98%         4
 Sticky Flame             Fire/Alch      0%         2d4       98%         4
 Summon Lightning Spire   Summ/Air       0%         N/A       98%         4
 Curse of Agony           Necr           0%         N/A       100%        5
 Fireball                 Conj/Fire      0%         3d3       100%        5
 Freezing Cloud           Conj/Ice/Air   0%         6-21      100%        5
 Irradiate                Conj/Alch      0%         3d11      100%        5
 Iskenderun's Battlesphe  Conj           0%         2d6       100%        5
 Lee's Rapid Deconstruct  Erth           0%         3d4*      100%        5
 Silence                  Hex/Air        0%         N/A       100%        5
 Bombard                  Conj/Erth      0%         9d1       100%        6
 Conjure Ball Lightning   Conj/Air       0%         3x3d6     100%        6
 Sculpt Simulacrum        Ice/Alch       0%         N/A       100%        6
 Orb of Destruction       Conj           0%         9d5       100%        7
 Borgnjor's Revivificati  Necr           0%         N/A       100%        8
 Fire Storm               Conj/Fire      0%         5d1       100%        9

Inventory:

Armour
 s - a scarf of repulsion (worn)
   (You found it on level 6 of the Dungeon)
 D - a +1 pair of gloves (worn)
   (You found it on level 1 of the Dungeon)
 M - a +1 pair of boots (worn)
   (You found it on level 7 of the Dungeon)
 W - a +2 hat of stealth (worn)
   (You found it on level 1 of the Lair of Beasts)
Jewellery
 o - a +4 ring of protection
   (You found it on level 10 of the Dungeon)
 y - the amulet of Kowimn (around neck) {RegenMP RegenMP+ rCorr Dex+4}
   (You found it in a Gauntlet)

   [amulet of magic regeneration]

   RegenMP:   It increases your rate of magic regeneration.
   Dex+4:     It affects your dexterity (+4).
   rCorr:     It protects you from acid and corrosion.
   RegenMP+:  It increases your rate of magic regeneration.
 A - an amulet of the acrobat
   (You found it on level 1 of the Lair of Beasts)
 C - a ring of protection from cold
   (You found it on level 11 of the Dungeon)
 F - a ring of protection from fire
   (You found it on level 3 of the Dungeon)
 G - the ring of Uskayaw's Grace (right hand) {+Blink Fly Will++ Slay+2}
   (You found it in a bailey)

   [ring of flight]

   Slay+2:    It affects your accuracy & damage with ranged weapons and melee
   (+2).
   Will++:    It greatly increases your willpower.
   Fly:       It grants you flight.
   +Blink:    It lets you blink.
 I - a +6 ring of intelligence
   (You took it off Erica on level 10 of the Dungeon)
 L - a ring of flight
   (You found it on level 5 of the Dungeon)
 N - a ring of positive energy
   (You found it on level 1 of the Lair of Beasts)
 O - a +4 ring of protection (left hand)
   (You found it on level 3 of the Dungeon)
 S - a +6 ring of strength
   (You found it in a Gauntlet)
 V - a ring of willpower
   (You found it on level 11 of the Dungeon)
 Z - a ring of wizardry
   (You found it on level 3 of the Dungeon)
Talismans
 b - a beast talisman
 c - a flux talisman (active)
Wands
 h - a wand of flame (38)
   (You found it on level 3 of the Lair of Beasts)
 m - a wand of light (9)
   (You took it off Pikel on level 4 of the Dungeon)
 q - a wand of digging (7)
   (You found it on level 5 of the Lair of Beasts)
 B - a wand of iceblast (5)
   (You found it on level 8 of the Dungeon)
 R - a wand of polymorph (3)
   (You took it off Nessos on level 12 of the Dungeon)
 T - a wand of paralysis (23)
   (You found it on level 10 of the Dungeon)
 X - a wand of mindburst (13)
   (You found it on level 12 of the Dungeon)
Scrolls
 i - 3 scrolls of teleportation {@r4}
 k - 4 scrolls of revelation
 l - 6 scrolls of amnesia
 p - 5 scrolls of blinking {!r}
 r - 3 scrolls of immolation {!r!r}
 u - 3 scrolls of vulnerability {!r!r}
 v - 2 scrolls of brand weapon
 x - 6 scrolls of fear
 H - 11 scrolls of identify {@r1}
 K - a scroll of poison
 P - 3 scrolls of fog
Potions
 a - 7 potions of lignification {!q}
 d - 2 potions of brilliance
 e - 3 potions of resistance
 f - 2 potions of mutation {!q}
 g - 10 potions of curing {@q1}
 j - a potion of berserk rage {!q}
 n - 2 potions of attraction {!q}
 t - 3 potions of ambrosia
 w - 4 potions of cancellation
 z - 5 potions of haste {@q3}
 E - 4 potions of heal wounds {@q2}
 J - 2 potions of enlightenment
 Q - a potion of magic
 U - 2 potions of might
Miscellaneous
 Y - a lightning rod (4/4)
   (You found it in a Gauntlet)

Dungeon Overview and Level Annotations

Branches:
Dungeon (15/15) Zot: 25969  Temple (1/1) D:5 Zot: 5963    Lair (5/5) D:8 Zot: 23420
  Swamp (0/4) Lair:2        Snake (0/4) Lair:2        Slime (0/5) Lair:4
    Orc (2/2) D:9 Zot: 10056     Elf (1/3) Orc:2 Zot: 5497  Vaults (0/5) D:14
 Depths (0/4) D:15         Bailey (visited)         Gauntlet (visited)

Altars:
Ashenzari
Cheibriados
Dithmenos
Elyvilon
Fedhas
Gozag
Hepliaklqana
Kikubaaqudgha
Makhleb
Nemelex Xobeh
Okawaru
Qazlal
Ru
Sif Muna
Trog
Uskayaw
Vehumet
Wu Jian
Xom
Yredelemnul
Zin
The Shining One
Beogh
Jiyva

Shops:
D:1 ( Orc:2

**[( ..#######
........###
#######...#######
ee...#..........
...#.....#### #.#.....#
.. #***...## #.#
#e'$e.## ..# '
#p#§..≈#######..##
......))#.....##........
........#.≈≈...#........
#########≈..............
....≈.≈..##........
.....≈≈≈.##.#.##..##
#######.≈#.###.#..#
##..####...#
#...##....##


You could see a deep elf death mage (contam, misshapen), a deep elf zephyrmancer
and 3 lost souls.


Message History

You take 19 damage, and now have 36/141 hp.
You punch the deep elf death mage!
The deep elf death mage begins to glow.
The deep elf death mage hits you but does no damage.
The deep elf death mage is engulfed in a cloud of scalding steam.
You block the deep elf death mage's attack.
The deep elf zephyrmancer gestures at you while chanting.
The bolt of lightning is repelled. 😨 HP[+1] MP[+1] Unknown command.
You closely miss the deep elf death mage.
Unknown command.
You closely miss the deep elf death mage.
The lost soul is engulfed in a thunderstorm.
The deep elf death mage misses you.
The deep elf zephyrmancer gestures at you while chanting.
The bolt of lightning misses you.
The deep elf death mage hits you but does no damage. 😨 MP[+1] Unknown command.
You punch the deep elf death mage!
The deep elf death mage begins to glow.
You block the deep elf death mage's attack.
The deep elf death mage misses you. 😨 HP[+1]
You punch the deep elf death mage!
The deep elf death mage glows dangerously bright.
Unknown command.
You punch the deep elf death mage!
The deep elf death mage stops glowing.
The lost soul assumes the form of the deep elf death mage and becomes anchored to this world!
The ghostly deep elf death mage hits you with a +0 long sword.
* * * LOW HITPOINT WARNING * * *
You feel more protected from physical attacks.
The deep elf death mage casts a spell at you.
The bolt of negative energy is repelled.
The bolt of negative energy hits the ghostly deep elf death mage.
The ghostly deep elf death mage completely resists.
The ghostly deep elf death mage shouts! 😨 HP[-2] MP[+1]
You take 2 damage, and now have 36/141 hp.
Unknown command.
You punch the ghostly deep elf death mage!
The ghostly deep elf death mage begins to glow.
You tail-slap the ghostly deep elf death mage.
The ghostly deep elf death mage beckons forth restless souls!
The deep elf death mage points at you and mumbles some strange words.
The bolt of negative energy misses you.
The bolt of negative energy misses the ghostly deep elf death mage.
The bolt of negative energy hits the lost soul.
The lost soul completely resists.
The deep elf zephyrmancer casts a spell.
The deep elf zephyrmancer blinks! 😨 HP[+1] Unknown command.
You punch the ghostly deep elf death mage!
The ghostly deep elf death mage glows dangerously bright.
You tail-slap the ghostly deep elf death mage.
The lost soul fades away! 😨 MP[+1] Unknown command.
You hit the ghostly deep elf death mage.
The ghostly deep elf death mage shudders as magic cascades through it!!
The ghostly deep elf death mage hits you with a +0 long sword!
* * * LOW HITPOINT WARNING * * *
You feel more protected from physical attacks.
The deep elf death mage draws life force from you!!
* * * LOW HITPOINT WARNING * * *
The deep elf death mage is healed by the life force! 😱 HP[-31]
You take 31 damage, and now have 6/141 hp.
MASSIVE DAMAGE!! (PAUSE)
You barely miss the ghostly deep elf death mage.
You tail-slap the ghostly deep elf death mage.
The ghostly deep elf death mage misses you.
The deep elf death mage hits you but does no damage.
Unknown command.
You pummel the ghostly deep elf death mage!!
You destroy the ghostly deep elf death mage!
Qazlal accepts your kill.
The lost soul fades away! x3 😱 HP[+1] MP[+1]
You now have 143 max hp (+2).
Unknown command.
You hit the deep elf death mage.
The deep elf death mage glows dangerously bright.
The deep elf death mage closely misses you.
Unknown command.
You punch the deep elf death mage!
The deep elf death mage shudders as magic cascades through it!
The deep elf death mage twists and deforms.
The deep elf death mage points at you and mumbles some strange words.
The bolt of negative energy misses you. 😱 MP[+1]
You hit the deep elf death mage.
The deep elf death mage begins to glow.
Unknown command.
You closely miss the deep elf death mage.
The deep elf death mage beckons forth restless souls!
The deep elf zephyrmancer gestures at you while chanting.
The bolt of lightning is repelled.
The bolt of lightning hits you!!
Your resistance to physical damage fades away.
You feel protected from electricity.
You die...

Skill      XL: |  1  2  3  4  5  6  7  8  9 10 11 12 13 14 15 16 |
---------------+-------------------------------------------------+-----
Fighting       | 2 3 4 5 6 7 8 10 11 12 13 14 | 14.4
Shapeshifting  | 4 6 7 8 9 10 11 12 13 | 13.5
Unarmed Combat | 4 5 6 8 9 11 12 14 15 16 17 | 17.6
Dodging        | 2 4 6 8 9 10 | 10.9
Invocations    | 2 4 6 7 9 10 11 12 | 12.3

Action                     |  1- 3 |  4- 6 |  7- 9 | 10-12 | 13-15 | 16-18 || total
---------------------------+-------+-------+-------+-------+-------+-------++-------
  Melee: Unarmed           |    75 |   151 |   253 |   568 |  1270 |   241 ||  2558
         Tailslap          |     7 |    26 |    59 |    96 |   333 |    56 ||   577
         Punch             |       |     1 |       |       |       |       ||     1
 Invoke: Upheaval          |       |       |       |     5 |       |     2 ||     7
         Elemental Force   |       |       |       |       |     1 |       ||     1
         Disaster Area     |       |       |       |       |       |     1 ||     1
Ability: Steam Breath      |       |       |     6 |     9 |     2 |     2 ||    19
  Evoke: Lightning rod     |       |       |       |       |     4 |       ||     4
    Use: Scroll            |     3 |     5 |     3 |     8 |     9 |     1 ||    29
         Potion            |       |     3 |       |     1 |       |       ||     4
   Stab: Petrified         |       |       |       |       |    11 |       ||    11
         Petrifying        |       |       |       |       |     4 |       ||     4
 Armour: Skin              |    36 |    62 |   112 |   301 |   588 |   112 ||  1211
  Dodge: Dodged            |    43 |    95 |   158 |   541 |   979 |   150 ||  1966
         Repelled          |       |       |       |    16 |    45 |    26 ||    87
  Block: Other             |       |       |       |    84 |   347 |    64 ||   495
   Form: Flux              |       |     1 |       |       |       |       ||     1

Levels and vault maps discovered:
D:1:      elethiomel_arrival_infinity_welcomes_careful_drivers, layout_basic,
          serial_shops, nicolae_shop_dealshenge,
          shapermc_ecumenical_altar_hornbeckon
D:2:      layout_loops_corners, basic_altar, uniq_jessica, uniq_natasha,
          uniq_sigmund
D:3:      layout_basic
D:4:      layout_basic, mainiacjoe_overflow_brackets, uniq_pikel, uniq_grinder,
          uniq_blork_the_orc, uniq_edmund
D:5:      layout_basic, minmay_temple_entry_glass
D:6:      kennysheep_housing_project, layout_loops_ring, uniq_maggie,
          uniq_prince_ribbit1
D:7:      layout_basic, mainiacjoe_overflow_cross_hatched, serial_glass,
          glass_columns_a, glass_columns_c
D:8:      layout_basic, nicolae_overflow_hidden_temple, jmf_multi_god_temple2,
          minmay_lair_entry_grove, uniq_grum
D:9:      layout_basic, mainiacjoe_overflow_alcove_1, kennysheep_mini,
          david_orc_2, uniq_harold
D:10:     layout_stronghold, bloody_makhleb, enter_bailey_3,
          serial_column_ruins, column_ruins_pillar_6, column_ruins_pillar_3,
          column_ruins_pillar_6, column_ruins_pillar_1, column_ruins_pillar_2,
          column_ruins_pillar_10, column_ruins_pillar_6, column_ruins_pillar_2,
          column_ruins_pillar_2, column_ruins_pillar_1, column_ruins_pillar_5,
          column_ruins_pillar_10, column_ruins_pillar_1, column_ruins_pillar_3,
          hangedman_weighted_door, uniq_erica, uniq_josephine
D:11:     layout_rooms, minivault_22, uniq_urug
D:12:     layout_long_grid, uniq_nessos, uniq_kirke
D:13:     layout_basic, fungi_pond_lemuel
D:14:     minmay_chambers_of_sevens, layout_long_grid, david_vaults_2,
          serial_library_hellmonk_h_bend, serial_bayou, serial_bayou_pond_b,
          serial_bayou_shore_b, serial_bayou_shore_a, serial_bayou_lagoon_b,
          nrook_guardian_serpent_ordinary
D:15:     hellmonk_depths_entry_around_the_bend, layout_irregular_city,
          minmay_door_square
Temple:   nicolae_temple_bog_church
Lair:1:   gammafunk_indiana_jones, layout_chaotic_city, basic_altar,
          pdpol_lair_cavern_descent, infiniplex_staircase_pool_2, uniq_jeremiah
Lair:2:   wander_river, layout_cave_pods, swamp_mist,
          guppyfry_snake_entry_garden, basic_altar, minivault_11,
          lemuel_fruit_tree
Lair:3:   layout_cave_shapes, st_stairs_6, grunt_megastairs_2
Lair:4:   layout_roguey, slime_entry_1, nicolae_lair_yak_garden
Lair:5:   cheibrodos_lair_end_hotspot, layout_regular_city,
          grunt_forest_stairs_basic, lemuel_fruit_fields
Orc:1:    cheibrodos_orc_bank, layout_caves, abandoned_shop,
          nicolae_orc_beogh_chapel, uniq_jorgrun, uniq_nergalle
Orc:2:    st_orc_rangers, layout_caves, gauntlet_entry_generic,
          gammafunk_ghost_split
Elf:1:    layout_rooms, serial_shops, shop, guppyfry_library_mini

Notes
Turn   | Place    | Note
-------+----------+-------------------------------------------
     0 | D:1      | kae the Draconian Shapeshifter began the quest for the Orb.
     0 | D:1      | Reached XP level 1. HP: 16/16 MP: 1/1
     0 | D:1      | magus.rc [v1.11.3]
   173 | D:1      | Reached XP level 2. HP: 12/23 MP: 2/2
   339 | D:1      | You add the spells Cigotuvi's Dreadful Rot, Ignite Poison
                  | and Freezing Cloud to your library.
   401 | D:1      | Found Secliw's Antique Weapon Boutique.
   839 | D:1      | You pick up a book of the Tundra and begin reading...
   839 | D:1      | You add the spells Hailstorm, Summon Ice Beast and Sculpt
                  | Simulacrum to your library.
   921 | D:1      | Found a faded altar of an unknown god.
  1089 | D:2      | Reached XP level 3. HP: 23/29 MP: 3/3
  1140 | D:2      | Noticed Natasha
  1152 | D:2      | Killed Natasha
  1153 | D:2      | Reached skill level 2 in Fighting
  1288 | D:1      | Reached XP level 4. HP: 11/36 MP: 4/4
  1391 | D:1      | Reached skill level 4 in Shapeshifting
  1519 | D:2      | Noticed Sigmund
  1536 | D:2      | Killed Sigmund
  1537 | D:2      | Reached skill level 3 in Fighting
  1537 | D:2      | Reached skill level 4 in Unarmed Combat
  1537 | D:2      | Reached XP level 5. HP: 19/45 MP: 5/5
  1611 | D:2      | Reached XP level 6. HP: 39/51 MP: 6/6
  1625 | D:2      | Noticed Natasha
  1631 | D:2      | Killed Natasha
  1631 | D:2      | Noticed Natasha
  1632 | D:2      | Reached skill level 5 in Shapeshifting
  1640 | D:2      | HP: 4/40 [Natasha/magic dart (9)]
  1641 | D:2      | Killed Natasha
  1781 | D:2      | Noticed Jessica
  1787 | D:2      | Found a blossoming altar of Fedhas.
  1791 | D:2      | Killed Jessica
  2840 | D:3      | You pick up a book of Dreams and begin reading...
  2840 | D:3      | You add the spells Ensorcelled Hibernation, Fugue of the
                  | Fallen and Anguish to your library.
  3099 | D:3      | You pick up a book of Transmutation and begin reading...
  3099 | D:3      | You add the spells Sublimation of Blood, Petrify and
                  | Irradiate to your library.
  3818 | D:4      | Noticed Grinder
  3818 | D:4      | Noticed Edmund
  3888 | D:4      | Paralysed by Grinder for 5 turns
  3906 | D:4      | Killed Grinder
  3907 | D:4      | Reached skill level 4 in Fighting
  3907 | D:4      | Reached skill level 5 in Unarmed Combat
  3907 | D:4      | Reached skill level 6 in Shapeshifting
  3907 | D:4      | Your scales start taking on a pale cyan-grey colour.
  3907 | D:4      | Reached XP level 7. HP: 46/60 MP: 7/7
  3907 | D:4      | Gained mutation: You are immune to the effects of steam.
                  | [Pale Draconian growth]
  3913 | D:4      | Killed Edmund
  4029 | D:4      | You pick up a book of Battle and begin reading...
  4029 | D:4      | You add the spells Ozocubu's Armour and Manifold Assault to
                  | your library.
  4317 | D:4      | Noticed Blork the orc
  4328 | D:4      | Killed Blork the orc
  4427 | D:4      | Found a radiant altar of Vehumet.
  4640 | D:4      | Noticed Pikel
  4647 | D:4      | Killed Pikel
  4648 | D:4      | Reached skill level 5 in Fighting
  4648 | D:4      | Reached skill level 6 in Unarmed Combat
  4648 | D:4      | Reached skill level 7 in Shapeshifting
  4648 | D:4      | Reached XP level 8. HP: 66/70 MP: 8/8
  4965 | D:5      | Entered Level 5 of the Dungeon
  5001 | D:5      | Reached skill level 6 in Fighting
  5079 | D:5      | Reached skill level 8 in Shapeshifting
  5083 | D:5      | Reached XP level 9. HP: 69/78 MP: 9/9
  5175 | D:5      | Reached skill level 7 in Unarmed Combat
  5243 | D:5      | You add the spells Vampiric Draining, Borgnjor's
                  | Revivification and Fire Storm to your library.
  5243 | D:5      | Got the Incunabulum of Trauma and Abhorrent Deeds
  5259 | D:5      | Found a staircase to the Ecumenical Temple.
  5326 | D:5      | Reached skill level 7 in Fighting
  5353 | Temple   | Entered the Ecumenical Temple
  5371 | Temple   | Became a worshipper of Qazlal Stormbringer
  5612 | D:5      | Reached skill level 2 in Dodging
  5691 | D:5      | Reached skill level 1 in Invocations
  5691 | D:5      | Reached skill level 9 in Shapeshifting
  6012 | D:6      | Reached skill level 2 in Invocations
  6075 | D:6      | Noticed Maggie
  6093 | D:6      | Killed Maggie
  6094 | D:6      | Reached skill level 8 in Unarmed Combat
  6293 | D:6      | Reached * piety under Qazlal
  6391 | D:6      | Reached XP level 10. HP: 86/86 MP: 11/11
  6392 | D:6      | Reached skill level 3 in Dodging
  6496 | D:6      | Reached skill level 3 in Invocations
  6514 | D:6      | HP: 21/88 [hobgoblin/+0 club (3)]
  7114 | D:6      | Noticed Prince Ribbit
  7119 | D:6      | Killed Prince Ribbit
  7120 | D:6      | Reached skill level 8 in Fighting
  7500 | D:7      | Reached ** piety under Qazlal
  7565 | D:7      | You pick up a book of Geomancy and begin reading...
  7565 | D:7      | You add the spells Sandblast, Passwall, Stone Arrow and
                  | Brom's Barrelling Boulder to your library.
  7828 | D:7      | Found a glowing golden altar of the Shining One.
  7933 | D:7      | Reached skill level 9 in Unarmed Combat
  8407 | D:8      | Reached skill level 4 in Invocations
  8408 | D:8      | Reached skill level 4 in Dodging
  8536 | D:8      | Found a staircase to the Lair.
  8641 | D:8      | Found a white marble altar of Elyvilon.
  8680 | D:8      | Noticed Grum
  8696 | D:8      | Killed Grum
  8896 | D:8      | Reached XP level 11. HP: 86/95 MP: 14/14
  9302 | D:8      | Found a broken altar of Ashenzari.
  9305 | D:8      | Found a sacrificial altar of Ru.
  9546 | D:9      | Found a bloodstained altar of Trog.
  9587 | D:9      | Reached skill level 10 in Unarmed Combat
  9589 | D:9      | Reached *** piety under Qazlal
  9793 | D:9      | Found a staircase to the Orcish Mines.
  9801 | D:9      | Reached skill level 5 in Invocations
  9826 | D:9      | Reached skill level 9 in Fighting
  9930 | D:9      | Noticed Harold
  9941 | D:9      | Killed Harold
  9942 | D:9      | Reached skill level 10 in Shapeshifting
 10150 | D:9      | You pick up a book of Vapours and begin reading...
 10150 | D:9      | You add the spells Mercury Vapours and Mephitic Cloud to
                  | your library.
 10217 | D:9      | Found an opulent altar of Gozag.
 10477 | D:10     | Entered Level 10 of the Dungeon
 10524 | D:10     | Reached skill level 5 in Dodging
 10569 | D:10     | Found a flagged portal.
 10574 | Bailey   | Entered a bailey
 10579 | Bailey   | Noticed an orc warlord
 10751 | Bailey   | Found a runed translucent gate.
 10754 | Bailey   | Found a runed translucent gate.
 10756 | Bailey   | Found a runed translucent gate.
 10864 | Bailey   | Killed an orc warlord
 10883 | Bailey   | You pick up a book of the Spheres and begin reading...
 10883 | Bailey   | You add the spells Iskenderun's Battlesphere, Fireball,
                  | Conjure Ball Lightning and Orb of Destruction to your
                  | library.
 10892 | Bailey   | Identified the ring of Uskayaw's Grace {+Blink Fly Will++
                  | Slay+2}
 10897 | Bailey   | Reached skill level 10 in Fighting
 10897 | Bailey   | Reached skill level 6 in Dodging
 10897 | Bailey   | Reached skill level 11 in Unarmed Combat
 10897 | Bailey   | Reached skill level 6 in Invocations
 10897 | Bailey   | Reached XP level 12. HP: 106/106 MP: 5/17
 11278 | D:10     | Noticed Erica
 11285 | D:10     | Killed Erica
 11353 | D:10     | Reached skill level 7 in Invocations
 11497 | D:10     | Found a burning altar of Makhleb.
 11630 | D:10     | Noticed Josephine
 11632 | D:10     | Reached skill level 12 in Unarmed Combat
 11635 | D:10     | Killed Josephine
 11741 | D:10     | You pick up a book of Battle and begin reading...
 11771 | D:10     | Reached **** piety under Qazlal
 12250 | D:11     | Noticed Urug
 12253 | D:11     | Noticed a boulder beetle
 12266 | D:11     | Killed Urug
 12269 | D:11     | Killed a boulder beetle
 12270 | D:11     | Reached skill level 11 in Shapeshifting
 12270 | D:11     | Reached XP level 13. HP: 48/114 MP: 18/18
 12279 | D:11     | HP: 26/114 [orc priest/divine providence (13)]
 12512 | D:11     | Reached skill level 7 in Dodging
 13053 | Lair:1   | Entered Level 1 of the Lair of Beasts
 13250 | Lair:1   | Noticed Jeremiah
 13266 | Lair:1   | Killed Jeremiah
 13367 | Lair:1   | Found a runed translucent door.
 13501 | Lair:1   | Found a hide-covered altar of Uskayaw.
 13539 | Lair:1   | Reached skill level 8 in Invocations
 13605 | Lair:1   | Reached skill level 11 in Fighting
 13605 | Lair:1   | Reached skill level 13 in Unarmed Combat
 14227 | Lair:1   | Found a runed translucent gate.
 14227 | Lair:1   | Found a runed translucent gate.
 14227 | Lair:1   | Found a runed translucent gate.
 14227 | Lair:1   | Found a runed translucent gate.
 14227 | Lair:1   | Found a runed translucent gate.
 14228 | Lair:1   | Found a runed translucent gate.
 14702 | Lair:2   | Found a staircase to the Snake Pit.
 14868 | Lair:2   | Found a staircase to the Swamp.
 14907 | Lair:2   | Reached ***** piety under Qazlal
 15121 | Lair:2   | Found a shadowy altar of Dithmenos.
 15503 | Lair:3   | Reached skill level 8 in Dodging
 15892 | Lair:3   | Reached skill level 9 in Invocations
 16100 | Lair:3   | Reached skill level 14 in Unarmed Combat
 16537 | Lair:4   | Reached XP level 14. HP: 125/125 MP: 20/20
 16964 | Lair:4   | Reached skill level 12 in Fighting
 17476 | Lair:4   | Found a viscous altar of Jiyva.
 17476 | Lair:4   | Found a staircase to the Slime Pits.
 17789 | Lair:5   | Entered Level 5 of the Lair of Beasts
 17806 | Lair:5   | Reached skill level 12 in Shapeshifting
 18298 | Lair:5   | Reached skill level 10 in Invocations
 18694 | Lair:5   | Reached skill level 9 in Dodging
 18694 | Lair:5   | Reached skill level 15 in Unarmed Combat
 19232 | Lair:5   | Found a large runed translucent door.
 19233 | Lair:5   | Found a large runed translucent door.
 19641 | Lair:5   | You pick up a book of Storms and begin reading...
 19641 | Lair:5   | You add the spells Static Discharge, Airstrike and Summon
                  | Lightning Spire to your library.
 20123 | D:12     | Noticed Nessos
 20124 | D:12     | Reached XP level 15. HP: 134/134 MP: 22/22
 20134 | D:12     | Killed Nessos
 20143 | D:12     | Reached ****** piety under Qazlal
 20408 | D:12     | Noticed Kirke
 20435 | D:12     | Killed Kirke
 20924 | D:13     | Reached skill level 13 in Fighting
 21936 | Orc:1    | Entered Level 1 of the Orcish Mines
 21953 | Orc:1    | Noticed Nergalle
 21969 | Orc:1    | Killed Nergalle
 22034 | Orc:1    | Noticed Jorgrun
 22047 | Orc:1    | Killed Jorgrun
 22155 | Orc:1    | Found a roughly hewn altar of Beogh.
 22566 | Orc:2    | Entered Level 2 of the Orcish Mines
 22585 | Orc:2    | Reached skill level 16 in Unarmed Combat
 22607 | Orc:2    | Found a gate leading to a gauntlet.
 22617 | Gauntlet | Entered a Gauntlet
 22617 | Gauntlet | Found a runed translucent gate.
 22617 | Gauntlet | Found a transporter.
 22617 | Gauntlet | Found a transporter.
 22617 | Gauntlet | Found a transporter.
 22621 | Gauntlet | Found a runed translucent gate.
 22622 | Gauntlet | Found a runed translucent gate.
 22631 | Gauntlet | Found a transporter.
 22634 | Gauntlet | Found a transporter.
 22642 | Gauntlet | Found a transporter.
 22645 | Gauntlet | Found a transporter.
 22657 | Gauntlet | Found a transporter.
 22673 | Gauntlet | Found a transporter.
 22693 | Gauntlet | Found a transporter.
 22694 | Gauntlet | Found a transporter.
 22705 | Gauntlet | Found a transporter.
 22955 | Gauntlet | Reached skill level 11 in Invocations
 22999 | Gauntlet | Identified the amulet of Kowimn {RegenMP RegenMP+ rCorr
                  | Dex+4}
 23010 | Gauntlet | Identified the +4 falchion "Buuzxem" {heavy, Str+3 Int+2}
 23052 | Gauntlet | You pick up a book of the Senses and begin reading...
 23052 | Gauntlet | You add the spells Dazzling Flash, Curse of Agony and
                  | Silence to your library.
 23167 | Orc:2    | Found a staircase to the Elven Halls.
 23636 | Orc:2    | Noticed NoMoreGames's ghost (journeyman VSAr)
 23642 | Orc:2    | Found a runed translucent gate.
 23642 | Orc:2    | Found a runed translucent gate.
 23642 | Orc:2    | Found a runed translucent gate.
 23790 | Orc:2    | Found Leaxuang's General Store.
 23790 | Orc:2    | Found Kangiwon's Antique Armour Shop.
 23790 | Orc:2    | Found Itatech's Antique Weapon Boutique.
 23793 | Orc:2    | Found Gyrah's General Store.
 23941 | Orc:2    | Reached skill level 10 in Dodging
 23948 | Orc:2    | Killed NoMoreGames's ghost
 24468 | D:14     | Found a gate to the Vaults.
 24507 | D:14     | Reached skill level 13 in Shapeshifting
 24636 | D:14     | HP: 34/137 [efreet/+2 scimitar of flaming (4)]
 25098 | D:14     | Reached XP level 16. HP: 92/145 MP: 24/24
 25300 | D:14     | You pick up a book of Flames and begin reading...
 25300 | D:14     | You add the spells Inner Flame, Sticky Flame and Flame Wave
                  | to your library.
 25535 | D:14     | You pick up a book of the Earth and begin reading...
 25535 | D:14     | You add the spells Leda's Liquefaction, Lee's Rapid
                  | Deconstruction and Bombard to your library.
 25846 | D:15     | Entered Level 15 of the Dungeon
 25899 | D:15     | Reached skill level 17 in Unarmed Combat
 25922 | D:15     | Reached skill level 14 in Fighting
 26084 | D:15     | Reached skill level 12 in Invocations
 26312 | D:15     | Found a staircase to the Depths.
 26917 | Elf:1    | Entered Level 1 of the Elven Halls
 27765 | Elf:1    | HP: 30/141 [ghostly deep elf death mage/+0 long sword (7)]
 27765 | Elf:1    | HP: 6/141 [deep elf death mage/vampiric draining (24)]
 27771 | Elf:1    | Killed from afar by a deep elf zephyrmancer

Vanquished Creatures
  Jorgrun (Orc:1)
  Kirke (D:12)
  An orc warlord (Bailey)
  A very ugly thing (D:14)
  The ghost of NoMoreGames the Prestidigitator, a journeyman VSAr of Uskayaw (Orc:2)
  Nessos (D:12)
  3 deep elf death magi (Elf:1)
  A minotaur (Gauntlet)
  A fire dragon (Lair:5)
  Josephine (D:10)
  A yaktaur captain (D:14)
  Harold (D:9)
  10 hydras
  2 rakshasas
  2 ogre magi (D:15)
  5 two-headed ogres
  13 boulder beetles
  Erica (D:10)
  3 catoblepae
  2 dancing weapons (Elf:1)
  5 centaur warriors
  7 death yaks
  A deep troll earth mage (D:15)
  Urug (D:11)
  Nergalle (Orc:1)
  6 deep elf knights
  6 skeletal warriors (D:14)
  3 skysharks
  A fire crab (Lair:5)
  A harpy (shapeshifter) (D:13)
  Pikel (D:4)
  3 deep elf archers (Elf:1)
  3 orc knights
  A harpy (D:14)
  A lindwurm (Lair:1)
  3 deep elf zephyrmancers (Elf:1)
  11 deep elf pyromancers
  5 ugly things
  2 orc sorcerers (Orc:1)
  6 cyclopes
  5 manticores (D:14)
  3 elephants
  3 kobold blastminers (Orc:2)
  7 black mambas
  3 meliai (D:14)
  2 torpor snails
  2 centaur skeletons (D:10)
  2 molten gargoyles (Lair:5)
  A black mamba (shapeshifter) (D:13)
  3 large abominations (Gauntlet)
  A centaur zombie (D:10)
  2 guardian serpents (D:14)
  10 cane toads
  2 yaktaurs (D:14)
  2 minotaur zombies (Gauntlet)
  12 komodo dragons
  An efreet (D:14)
  2 rime drakes
  Maggie (D:6)
  2 gargoyles
  Jeremiah (Lair:1)
  A spectral unseen horror (D:10)
  A freezing wraith (D:14)
  3 polar bears
  3 hornets
  Grinder (D:4)
  Prince Ribbit (D:6)
  5 trolls
  7 dream sheep (Lair:5)
  A tarantella (Lair:1)
  10 blink frogs
  A jumping spider (Lair:1)
  Sigmund (D:2)
  A slime creature (shapeshifter) (D:13)
  9 slime creatures
  A vampire (D:11)
  6 wraiths
  49 yaks
  2 water elementals (D:14)
  9 wyverns
  3 hogs (D:12)
  A fire elemental (Elf:1)
  A redback (Lair:1)
  3 vampire mosquitoes (D:12)
  5 basilisks
  Grum (D:8)
  3 steam dragons (D:8)
  5 small abominations (Gauntlet)
  Edmund (D:4)
  A naga (Lair:2)
  3 acid dragons
  15 water moccasins
  4 hell hounds (Lair:5)
  45 orc warriors
  3 black bears
  A sky beast (D:8)
  4 ice beasts
  6 laughing skulls
  15 wolves
  10 ogres
  10 centaurs
  4 lemures (D:4)
  2 kobold brigands
  6 phantoms
  Blork the orc (D:4)
  10 bullfrogs
  4 gnoll sergeants
  5 scorpions
  3 wights (D:5)
  13 killer bees
  3 howler monkeys
  5 electric eels
  2 bombardier beetles
  8 hounds
  9 lava snakes
  16 orc priests
  3 gnoll boudas
  2 jellies (Gauntlet)
  3 sleepcaps
  Jessica (D:2)
  4 iguanas
  Natasha (thrice) (D:2)
  25 orc wizards
  A howler monkey zombie (D:10)
  33 gnolls
  7 adders
  2 shadow imps
  A white imp (D:5)
  4 ufetubi (D:7)
  A dart slug (D:3)
  63 orcs
  7 ball pythons
  9 endoplasms
  6 giant cockroaches
  17 hobgoblins
  4 jackals (D:3)
  2 quokkas
  6 bats
  2 frilled lizards (D:1)
  15 goblins
  27 kobolds
  3 rats
  2 butterflies (Lair:5)
783 creatures vanquished.

Vanquished Creatures (collateral kills)
  3 elephants (Lair:5)
3 creatures vanquished.

Vanquished Creatures (others)
  2 deep elf knights (Elf:1)
  A vampire (D:8)
  A wolf (D:8)
  An orc wizard (Orc:2)
  An orc (Orc:2)
  A kobold (D:6)
7 creatures vanquished.

Grand Total: 793 creatures vanquished

Table legend:
 A = Non-vault XP
 B = Vault XP
 C = Vault XP percentage of total XP
 D = Non-vault monster count
 E = Vault monster count
 F = Vault count percentage of total count
                 A         B        C        D         E       F
            +---------+---------+-------+---------+---------+-------
      Total |  102360 |   74574 |  42.1 |     507 |     276 |  35.2
            +---------+---------+-------+---------+---------+-------
        D:1 |      62 |       0 |   0.0 |      25 |       0 |   0.0
        D:2 |     145 |     299 |  67.3 |      17 |       3 |  15.0
        D:3 |     177 |       0 |   0.0 |      22 |       0 |   0.0
        D:4 |     173 |    1190 |  87.3 |      12 |       4 |  25.0
        D:5 |    2111 |       0 |   0.0 |      35 |       0 |   0.0
        D:6 |    1262 |    1696 |  57.3 |      18 |      31 |  63.3
        D:7 |    1036 |       0 |   0.0 |      25 |       0 |   0.0
        D:8 |    1637 |    2144 |  56.7 |      21 |      16 |  43.2
        D:9 |    1221 |    1146 |  48.4 |      22 |       7 |  24.1
       D:10 |    2715 |    3999 |  59.6 |      20 |      14 |  41.2
       D:11 |    3773 |     780 |  17.1 |      16 |       1 |   5.9
       D:12 |    4207 |    3082 |  42.3 |      22 |       5 |  18.5
       D:13 |    6594 |       0 |   0.0 |      21 |       0 |   0.0
       D:14 |   10450 |   15425 |  59.6 |      21 |      26 |  55.3
       D:15 |    8715 |    3615 |  29.3 |      15 |       5 |  25.0
     Lair:1 |    4213 |    7414 |  63.8 |      16 |      22 |  57.9
     Lair:2 |    3369 |     160 |   4.5 |      13 |       1 |   7.1
     Lair:3 |    6400 |    1698 |  21.0 |      21 |       3 |  12.5
     Lair:4 |    8216 |    2208 |  21.2 |      31 |       5 |  13.9
     Lair:5 |   18618 |    7433 |  28.5 |      49 |      24 |  32.9
      Orc:1 |    2245 |    3534 |  61.2 |      17 |      21 |  55.3
      Orc:2 |    3465 |    6474 |  65.1 |      29 |      39 |  57.4
      Elf:1 |   10640 |    5923 |  35.8 |      17 |       7 |  29.2
     Bailey |       0 |    1911 | 100.0 |       0 |      27 | 100.0
   Gauntlet |     916 |    4443 |  82.9 |       2 |      15 |  88.2
            +---------+---------+-------+---------+---------+-------

Skill      XL: |  1  2  3  4  5  6  7  8  9 10 11 12 13 14 15 16 |
---------------+-------------------------------------------------+-----
Fighting       | 2 3 4 5 6 7 8 10 11 12 13 14 | 14.4
Shapeshifting  | 4 6 7 8 9 10 11 12 13 | 13.5
Unarmed Combat | 4 5 6 8 9 11 12 14 15 16 17 | 17.6
Dodging        | 2 4 6 8 9 10 | 10.9
Invocations    | 2 4 6 7 9 10 11 12 | 12.3

Action                     |  1- 3 |  4- 6 |  7- 9 | 10-12 | 13-15 | 16-18 || total
---------------------------+-------+-------+-------+-------+-------+-------++-------
  Melee: Unarmed           |    75 |   151 |   253 |   568 |  1270 |   241 ||  2558
         Tailslap          |     7 |    26 |    59 |    96 |   333 |    56 ||   577
         Punch             |       |     1 |       |       |       |       ||     1
 Invoke: Upheaval          |       |       |       |     5 |       |     2 ||     7
         Elemental Force   |       |       |       |       |     1 |       ||     1
         Disaster Area     |       |       |       |       |       |     1 ||     1
Ability: Steam Breath      |       |       |     6 |     9 |     2 |     2 ||    19
  Evoke: Lightning rod     |       |       |       |       |     4 |       ||     4
    Use: Scroll            |     3 |     5 |     3 |     8 |     9 |     1 ||    29
         Potion            |       |     3 |       |     1 |       |       ||     4
   Stab: Petrified         |       |       |       |       |    11 |       ||    11
         Petrifying        |       |       |       |       |     4 |       ||     4
 Armour: Skin              |    36 |    62 |   112 |   301 |   588 |   112 ||  1211
  Dodge: Dodged            |    43 |    95 |   158 |   541 |   979 |   150 ||  1966
         Repelled          |       |       |       |    16 |    45 |    26 ||    87
  Block: Other             |       |       |       |    84 |   347 |    64 ||   495
   Form: Flux              |       |     1 |       |       |       |       ||     1

Illustrated notes

Table legend:
 A = Kills in this place as a percentage of kills in the entire game.
 B = Kills by you in this place as a percentage of kills by you in the entire game.
 C = Kills by friends in this place as a percentage of kills by friends in the entire game.
 D = Other kills in this place as a percentage of other kills in the entire game.
 E = Experience gained in this place as a percentage of experience gained in the entire game.
 F = Experience gained in this place divided by the number of levels of this place that you have seen.
                   A       B       C       D       E      F
               +-------+-------+-------+-------+-------+----------------------
         Total | 100.0 | 100.0 | 100.0 | 100.0 | 100.0 | 6805.2
       Dungeon |  54.2 |  54.3 |   0.0 |  66.7 |  43.9 | 5176.9
          Lair |  23.6 |  23.4 | 100.0 |   0.0 |  33.8 | 11945.8
  Orcish Mines |  13.5 |  13.6 |   0.0 |   0.0 |   8.9 | 7859.0
   Elven Halls |   3.1 |   3.0 |   0.0 |  33.3 |   9.4 | 16563.0
        Bailey |   3.4 |   3.5 |   0.0 |   0.0 |   1.1 | 1911.0
      Gauntlet |   2.2 |   2.2 |   0.0 |   0.0 |   3.0 | 5359.0
               +-------+-------+-------+-------+-------+----------------------

Table legend: (Time is in decaauts)
 A = Elapsed time spent in this place.
 B = Non-inter-level travel time spent in this place.
 C = Inter-level travel time spent in this place.
 D = Time resting spent in this place.
 E = Time spent auto-exploring this place.
 F = Levels seen in this place.
 G = Mean time per level.
                   A        B        C        D        E       F      G
               +--------+--------+--------+--------+--------+-----+--------+
         Total |  27245 |  25458 |   1787 |    939 |  20218 |  26 | 1047.9 |
       Dungeon |  17251 |  15844 |   1407 |    318 |  13072 |  15 | 1150.1 |
        Temple |     36 |      1 |     35 |      0 |      0 |   1 |   36.0 |
          Lair |   6579 |   6348 |    231 |    288 |   5040 |   5 | 1315.8 |
  Orcish Mines |   1943 |   1831 |    112 |    301 |   1262 |   2 |  971.5 |
   Elven Halls |    501 |    501 |      0 |      0 |    355 |   1 |  501.0 |
        Bailey |    466 |    466 |      0 |      0 |    323 |   1 |  466.0 |
      Gauntlet |    465 |    465 |      0 |     32 |    166 |   1 |  465.0 |
               +--------+--------+--------+--------+--------+-----+--------+

Top non-repeatable levels by time:
  Lair:5: 1715 daAuts
    D:14: 1613 daAuts
     D:6: 1460 daAuts
    D:10: 1427 daAuts
  Lair:1: 1425 daAuts
     D:2: 1340 daAuts
     D:1: 1262 daAuts
     D:8: 1258 daAuts
  Lair:4: 1248 daAuts
     D:3: 1236 daAuts
  Lair:3: 1216 daAuts
   Orc:2: 1194 daAuts
     D:7: 1165 daAuts
     D:9: 1124 daAuts
    D:13: 1124 daAuts
